 Dungeon Crawl Stone Soup version 0.26-a0-597-gb535b0901c (webtiles) character file.

Game seed: 11017894840390378878

(classic levelgen) 33222 EnegeticOcto the End of an Era (level 13, 23/120 HPs)
             Began as a Deep Dwarf Fighter on Aug 25, 2020.
             Was the Champion of Qazlal.
             Quit the game on level 2 of the Orcish Mines.
             The game lasted 00:08:04 (7399 turns).

EnegeticOcto the End of an Era (Deep Dwarf Fighter) Turns: 7399, Time: 00:08:04

Health: 23/120     AC: 32    Str: 24      XL:     13   Next: 35%
Magic:  0/0        EV:  6    Int: 15 (17) God:    Qazlal [******]
Gold:   738        SH: 21    Dex: 12      Spells: 12/12 levels left

rFire    . . .     SeeInvis .   a - +3 broad axe (protect)
rCold    . . .     Faith    .   c - +1 kite shield
rNeg     . . .     Spirit   .   O - +10 plate armour {ponderous}
rPois    .         Reflect  .   K - +2 helmet {Int+3}
rElec    +         Harm     .   m - +0 cloak
rCorr    +                      C - +1 pair of gloves
MR       ++...                  (no boots)
Stlth    ..........             o - amulet of magic regeneration
HPRegen  0.00/turn              B - ring of resist corrosion
MPRegen  0.32/turn              A - ring "Waoriehu" {rElec MR+ Int+4}

@: non-regenerating, repel missiles, slow
A: damage resistance, heal wounds, sense surroundings 2, no regeneration
a: Heal Wounds, Upheaval, Elemental Force, Disaster Area, Renounce Religion


You were on level 2 of the Orcish Mines.
You worshipped Qazlal.
Qazlal was exalted by your worship.
You visited 3 branches of the dungeon, and saw 14 of its levels.
You also visited: Gauntlet.

You collected 1288 gold pieces.
You spent 550 gold pieces at shops.

Inventory:

Hand Weapons
 a - a +3 broad axe of protection (weapon)
 j - a +0 war axe
 M - a +8 eveningstar of holy wrath
Missiles
 I - 2 throwing nets (quivered)
Armour
 b - a +0 scale mail
 c - a +1 kite shield (worn)
 m - a +0 cloak (worn)
 q - a +0 chain mail
 C - a +1 pair of gloves (worn)
 E - a +0 plate armour
 H - the +3 crystal plate armour "Feuhu" {rN+}
   (You found it in a Gauntlet)

   It protects you from negative energy.
 K - a +2 helmet of intelligence (worn)
 O - a +10 plate armour of ponderousness (worn)
Jewellery
 o - an amulet of magic regeneration (around neck)
 A - the ring "Waoriehu" (right hand) {rElec MR+ Int+4}
   (You found it in a Gauntlet)

   [ring of protection from magic]

   It affects your intelligence (+4).
   It insulates you from electricity.
   It affects your resistance to hostile enchantments.
 B - a ring of resist corrosion (left hand)
Wands
 e - a wand of iceblast (2)
 h - a wand of flame (43) {@v4}
 x - a wand of polymorph (15)
 y - a wand of disintegration (38)
 N - a wand of acid (13) {@v1}
Scrolls
 f - a scroll of enchant weapon
 g - 10 scrolls of teleportation {@r3}
 i - a scroll of magic mapping {@r5}
 v - 3 scrolls of remove curse {@r2}
 D - a scroll of blinking
 G - 2 scrolls of fog
 L - a scroll of fear
Potions
 k - 5 potions of curing {@q1}
 l - a potion of resistance {@q6}
 n - a potion of flight
 p - 2 potions of ambrosia
 r - 2 potions of cancellation {unknown}
 s - 2 potions of heal wounds {@q2}
 t - 2 potions of mutation
 u - 2 potions of lignification {@q7}
 w - 5 potions of haste {@q4}
 z - a potion of invisibility
 F - 2 potions of berserk rage
 J - a potion of magic {unknown}


   Skills:
 + Level 8.9 Fighting
 * Level 13.6 Axes
 + Level 10.5 Armour
 + Level 10.5 Shields
 * Level 14.2 Invocations


You had 12 spell levels left.
You didn't know any spells.
Your spell library contained the following spells:

 Spells                   Type           Power        Failure   Level
 Static Discharge         Conj/Air       #.......     100%        3
 Lightning Bolt           Conj/Air       #.........   100%        5
 Ignition                 Fire           #.........   100%        8
 Shatter                  Erth           #.........   100%        9
 Tornado                  Air            #.........   100%        9


Dungeon Overview and Level Annotations

Branches:
Dungeon (11/15)            Temple (1/1) D:4            Lair (0/6) D:8
    Orc (2/2) D:11            Elf (0/3) Orc:2       Gauntlet (visited)

Altars:
Ashenzari
Cheibriados
Dithmenos
Elyvilon
Fedhas
Gozag
Hepliaklqana
Kikubaaqudgha
Makhleb
Nemelex Xobeh
Okawaru
Qazlal
Ru
Sif Muna
Trog
Uskayaw
Vehumet
Wu Jian
Xom
Yredelemnul
Zin
The Shining One

Shops:
D:5 }   D:7 *   Orc:2 *}*[

Portals:
Pandemonium: Orc:2


Innate Abilities, Weirdness & Mutations

You are resistant to damage.
You can heal yourself by infusing magical energy.
You passively map the area around you.
You do not regenerate.


Message History

An orc high priest comes into view. It is wielding a +0 glaive.
The orc high priest shouts!
An orc high priest is nearby!
An orc high priest is nearby!
An orc high priest is nearby!
An orc high priest is nearby!
An orc high priest is nearby!
An orc high priest is nearby!
You are too injured to fight recklessly!
You are too injured to fight recklessly!
You are too injured to fight recklessly!
You are too injured to fight recklessly!
You are too injured to fight recklessly!
You are too injured to fight recklessly!
You are too injured to fight recklessly!
You are too injured to fight recklessly!
You are too injured to fight recklessly!
You are too injured to fight recklessly!
You are too injured to fight recklessly!
You are too injured to fight recklessly!
You feel a little less mighty now.
The orc high priest utters an invocation to Beogh.
You block the orc high priest's attack. You block the orange demon's attack.
You slash the orc high priest!
Your weapon exudes an aura of protection.
The orc high priest is lightly wounded.
You slash the sixfirhy!
The sixfirhy hits you but does no damage.
You block the sixfirhy's attack.
The orc high priest hits you but does no damage.
You block the orange demon's attack.
You hit the orc high priest.
The orc high priest is lightly wounded.
You miss the sixfirhy. The sixfirhy barely misses you.
You block the sixfirhy's attack. The sixfirhy hits you.
* * * LOW HITPOINT WARNING * * *
The sixfirhy shocks you. You resist.
* * * LOW HITPOINT WARNING * * *
You block the sixfirhy's attack. You block the orange demon's attack.
You barely miss the orc high priest.
The orc high priest is lightly wounded.
You hit the sixfirhy but do no damage. You block the sixfirhy's attack.
The sixfirhy closely misses you. You block the orc high priest's attack.
You block the orange demon's attack.
Your shield and plate armour prevent you from hitting the orc high priest.
The orc high priest is lightly wounded.
You completely miss the sixfirhy. The orc high priest closely misses you.
The orange demon stings you but does no damage.
You closely miss the orc high priest.
The orc high priest is lightly wounded.
You miss the sixfirhy.
The orc high priest hits you but does no damage.
You block the sixfirhy's attack.
The orange demon stings you but does no damage.
You hit the orc high priest.
The orc high priest is moderately wounded.
You closely miss the sixfirhy. You block the sixfirhy's attack. x3
The sixfirhy hits you.
* * * LOW HITPOINT WARNING * * *
The sixfirhy shocks you. You resist. You block the orc high priest's attack.
You block the orange demon's attack.
You slice the orc high priest!!
The orc high priest is severely wounded.
You miss the sixfirhy. You block the sixfirhy's attack. x3
You block the orange demon's attack.
You barely miss the orc high priest.
The orc high priest is severely wounded.
You closely miss the sixfirhy.
The sixfirhy is engulfed in freezing vapours. x4
You block the orc high priest's attack.
The sixfirhy is engulfed in freezing vapours. x2
You hit the orc high priest but do no damage.
The orc high priest is severely wounded.
You closely miss the sixfirhy.
The sixfirhy is engulfed in freezing vapours. x5
You block the orange demon's attack.
The sixfirhy is engulfed in freezing vapours.
The orc high priest hits you but does no damage.
You miss the orc high priest.
The orc high priest is severely wounded.
You miss the sixfirhy.
The sixfirhy is engulfed in freezing vapours.
You kill the sixfirhy!
The orange demon stings you but does no damage.
You hit the orc high priest.
The orc high priest is severely wounded.
The orc high priest barely misses you. You block the orange demon's attack.
You hit the orc high priest but do no damage.
The orc high priest is severely wounded.
You block the orange demon's attack. You block the orc high priest's attack.
The orange demon stings you but does no damage.
You slash the orc high priest!
The orc high priest is almost dead.
You block the orc high priest's attack.
You slash the orc high priest!
You kill the orc high priest!
Qazlal accepts your kill.
The orange demon disappears in a puff of smoke!
You feel your intelligence returning.
Are you sure you want to abandon this character and quit the game? (Confirm with "yes".)

*##.).##.##...###)[###.#...# ,
##...##...##...###..##..#..##
##.))##))...##...###.........#
##.[)##))#.#..##...###.......#
##)#)##).#∩.∩#..## #.###....#####
#..)##..##...##..##...###..#.##.#
##.#)##..##∩##..##.#.#*#.........
*##..)##..###..##)..# ##........#
*##...##..#..##@.○# ##.........#
,, ##...##...##°..## #...........
##...#.#.#...## ##....#).)).. ,
##.........## #.....#....#.
##.#...#.## ##.#......##. *
##.....## ###......... , ,
##...## ##.##..##. , ##.##
###...### ### #..## #


There were no monsters in sight!

Vanquished Creatures
  A minotaur (Gauntlet)
  A death ooze (Gauntlet)
  A great orb of eyes (Gauntlet)
  6 two-headed ogres
  6 orc high priests (Orc:2)
  2 sun demons (Orc:2)
  A soul eater (Orc:2)
  A torturous demonspawn (Orc:2)
  An unseen horror (D:10)
  2 gelid demonspawn (Orc:2)
  Pikel (D:4)
  2 ugly things
  5 orc knights
  7 orc sorcerers
  A manticore (D:11)
  A cyclops (D:11)
  Maurice (D:8)
  A torpor snail (Gauntlet)
  A smoke demon (Orc:2)
  3 ice devils (Orc:2)
  A troll (Orc:1)
  Grinder (D:4)
  A hippogriff (D:9)
  Sigmund (D:4)
  A wraith (D:11)
  Eustachio (D:4)
  A ynoxinul (Orc:2)
  11 yaks
  A swamp worm (Orc:2)
  4 wargs
  Duvessa (D:4)
  An ice beast (D:11)
  2 sky beasts
  31 orc warriors
  2 black bears
  5 centaurs
  7 ogres
  A crocodile (D:11)
  A big kobold (D:7)
  9 bullfrogs
  Dowan (D:4)
  A wyvern skeleton (D:6)
  3 scorpions
  3 killer bees (D:9)
  9 wights
  A howler monkey (D:9)
  2 jellies
  A crimson imp (D:6)
  2 quasits
  20 orc wizards
  27 orc priests
  3 hounds
  A bullfrog skeleton (D:11)
  4 iguanas
  6 worker ants
  Natasha (D:4)
  A killer bee zombie (D:6)
  A hound skeleton (D:9)
  5 adders
  2 howler monkey skeletons
  2 white imps
  3 ufetubi
  An adder zombie (D:6)
  A worm (D:4)
  3 dart slugs
  3 leopard geckos
  85 orcs
  2 bats
  A giant cockroach (D:6)
  3 goblins
  2 hobgoblins
  6 jackals
  8 kobolds
  4 quokkas
  2 ball pythons
  A frilled lizard (D:2)
  A jackal skeleton (D:5)
  2 jackal zombies
  A leopard gecko skeleton (D:7)
  A leopard gecko zombie (D:5)
  A quokka skeleton (D:6)
  2 rats
357 creatures vanquished.

Vanquished Creatures (others)
  An orc wizard (Orc:2)
  2 orcs (D:5)
  12 demonic plants (Gauntlet)
15 creatures vanquished.

Grand Total: 372 creatures vanquished

Notes
Turn   | Place    | Note
-------+----------+-------------------------------------------
     0 | D:1      | EnegeticOcto the Deep Dwarf Fighter began the quest for the
                  | Orb.
     0 | D:1      | Reached XP level 1. HP: 20/20 MP: 1/1
   180 | D:2      | Reached XP level 2. HP: 25/27 MP: 2/2
   439 | D:3      | Reached XP level 3. HP: 31/34 MP: 2/2
   472 | D:4      | Noticed Grinder
   473 | D:4      | Noticed an ogre
   501 | D:4      | Killed an ogre
   501 | D:4      | Reached XP level 4. HP: 18/42 MP: 2/2
   515 | D:4      | Killed Grinder
   515 | D:4      | Reached XP level 5. HP: 41/50 MP: 3/3
   515 | D:4      | Reached XP level 6. HP: 47/57 MP: 4/4
   530 | D:4      | Found a shimmering altar of Xom.
   623 | D:4      | Noticed Pikel
   663 | D:4      | Killed Pikel
   663 | D:4      | Reached skill level 5 in Armour
   663 | D:4      | Reached skill level 5 in Shields
   663 | D:4      | Reached XP level 7. HP: 42/66 MP: 4/4
   696 | D:4      | Found a staircase to the Ecumenical Temple.
   699 | D:4      | Noticed Eustachio
   812 | D:4      | Killed Eustachio
   823 | Temple   | Entered the Ecumenical Temple
   894 | Temple   | Became a worshipper of Qazlal Stormbringer
   908 | D:4      | Noticed Sigmund
   921 | D:4      | Killed Sigmund
   921 | D:4      | Reached skill level 1 in Invocations
   921 | D:4      | Reached XP level 8. HP: 54/73 MP: 3/5
  1011 | D:4      | Reached skill level 2 in Invocations
  1061 | D:4      | Noticed Duvessa
  1061 | D:4      | Noticed Dowan
  1072 | D:4      | Killed Duvessa
  1073 | D:4      | Killed Dowan
  1073 | D:4      | Reached skill level 3 in Invocations
  1310 | D:4      | Noticed Natasha
  1315 | D:4      | Killed Natasha
  1331 | D:5      | Entered Level 5 of the Dungeon
  1355 | D:5      | Reached skill level 5 in Fighting
  1375 | D:5      | Reached skill level 4 in Invocations
  1460 | D:5      | Noticed a two-headed ogre
  1481 | D:5      | HP: 3/74 [two-headed ogre/+0 giant club (7)]
  1485 | D:5      | Killed a two-headed ogre
  1485 | D:5      | Reached skill level 5 in Invocations
  1485 | D:5      | Gained mutation: You passively map the area around you.
                  | [Deep Dwarf growth]
  1485 | D:5      | Reached XP level 9. HP: 78/81 MP: 4/6
  1636 | D:5      | Reached * piety under Qazlal
  1826 | D:5      | Found Utsufe's Gadget Boutique.
  2027 | D:6      | Found an iron altar of Okawaru.
  2089 | D:6      | Reached skill level 6 in Invocations
  2210 | D:6      | Found a sparkling altar of Nemelex Xobeh.
  2336 | D:6      | Found a burning altar of Makhleb.
  2336 | D:6      | Found a radiant altar of Vehumet.
  2409 | D:6      | Found a hazy altar of Hepliaklqana.
  2800 | D:7      | Reached ** piety under Qazlal
  2820 | D:7      | Found Vuletuo's General Store.
  2825 | D:7      | Bought a potion of invisibility for 112 gold pieces
  2962 | D:7      | Reached skill level 7 in Invocations
  3087 | D:7      | Found a blossoming altar of Fedhas.
  3567 | D:8      | Reached XP level 10. HP: 46/91 MP: 4/4
  3622 | D:8      | Reached *** piety under Qazlal
  3663 | D:8      | Noticed Maurice
  3681 | D:8      | Killed Maurice
  3681 | D:8      | Reached skill level 8 in Invocations
  3831 | D:8      | Found a staircase to the Lair.
  4269 | D:9      | Reached skill level 10 in Axes
  4366 | D:9      | Reached skill level 9 in Invocations
  4475 | D:9      | Reached **** piety under Qazlal
  4590 | D:9      | Found a white marble altar of Elyvilon.
  4702 | D:9      | Noticed a two-headed ogre
  4722 | D:9      | Killed a two-headed ogre
  4809 | D:9      | Found a sacrificial altar of Ru.
  4816 | D:9      | Found a hide-covered altar of Uskayaw.
  4816 | D:9      | Found a shadowy altar of Dithmenos.
  4816 | D:9      | Found a glowing silver altar of Zin.
  4816 | D:9      | Found an opulent altar of Gozag.
  4821 | D:9      | Found a bloodstained altar of Trog.
  4873 | D:10     | Entered Level 10 of the Dungeon
  4899 | D:10     | Killed an unseen horror
  5221 | D:10     | Reached XP level 11. HP: 73/99 MP: 6/6
  5223 | D:10     | Reached skill level 10 in Invocations
  5529 | D:11     | Noticed a two-headed ogre
  5541 | D:11     | Killed a two-headed ogre
  5563 | D:11     | Noticed a two-headed ogre
  5581 | D:11     | Killed a two-headed ogre
  5586 | D:11     | Noticed a cyan ugly thing
  5590 | D:11     | Found a staircase to the Orcish Mines.
  5607 | D:11     | Killed a cyan ugly thing
  5615 | D:11     | Reached ***** piety under Qazlal
  5620 | D:11     | Found a gate leading to a gauntlet.
  5631 | Gauntlet | Entered a Gauntlet
  5631 | Gauntlet | Found a large runed translucent door.
  5631 | Gauntlet | Found a large runed translucent door.
  5631 | Gauntlet | Found a large runed translucent door.
  5631 | Gauntlet | Found a large runed translucent door.
  5631 | Gauntlet | Found a transporter.
  5631 | Gauntlet | Found a runed translucent door.
  5631 | Gauntlet | Found a large runed translucent door.
  5631 | Gauntlet | Found a large runed translucent door.
  5631 | Gauntlet | Found a large runed translucent door.
  5631 | Gauntlet | Found a large runed translucent door.
  5631 | Gauntlet | Found a runed translucent gate.
  5631 | Gauntlet | Found a runed translucent gate.
  5631 | Gauntlet | Found a transporter.
  5631 | Gauntlet | Found a transporter.
  5638 | Gauntlet | Found a runed translucent door.
  5639 | Gauntlet | Found a large runed translucent door.
  5639 | Gauntlet | Found a large runed translucent door.
  5639 | Gauntlet | Found a large runed translucent door.
  5639 | Gauntlet | Found a large runed translucent door.
  5640 | Gauntlet | Found a large runed translucent door.
  5641 | Gauntlet | Found a large runed translucent door.
  5645 | Gauntlet | Found a large runed translucent door.
  5645 | Gauntlet | Found a large runed translucent door.
  5646 | Gauntlet | Found a runed translucent gate.
  5654 | Gauntlet | Found a transporter.
  5656 | Gauntlet | Noticed a death scarab
  5664 | Gauntlet | Reached skill level 11 in Invocations
  5674 | Gauntlet | Noticed a death ooze
  5680 | Gauntlet | Got a fine bone ring
  5684 | Gauntlet | Identified the ring "Waoriehu" {rElec MR+ Int+4} (You found
                  | it in a Gauntlet)
  5687 | Gauntlet | Found a transporter.
  5687 | Gauntlet | Found a transporter.
  5696 | Gauntlet | Noticed a great orb of eyes
  5701 | Gauntlet | Killed a death ooze
  5704 | Gauntlet | Noticed a cyan ugly thing
  5705 | Gauntlet | Found a transporter.
  5719 | Gauntlet | Killed a cyan ugly thing
  5726 | Gauntlet | Killed a great orb of eyes
  5732 | Gauntlet | Noticed a ghost crab
  5733 | Gauntlet | Got a fine crystal plate armour
  5744 | Gauntlet | Identified the +3 crystal plate armour "Feuhu" {rN+} (You
                  | found it in a Gauntlet)
  5757 | Gauntlet | Found a transporter.
  5771 | Gauntlet | Noticed a minotaur
  5808 | Gauntlet | Killed a minotaur
  6317 | Orc:1    | Entered Level 1 of the Orcish Mines
  6319 | Orc:1    | Noticed a two-headed ogre
  6329 | Orc:1    | Killed a two-headed ogre
  6329 | Orc:1    | Reached skill level 12 in Invocations
  6329 | Orc:1    | Reached XP level 12. HP: 77/110 MP: 4/6
  6647 | Orc:2    | Entered Level 2 of the Orcish Mines
  6653 | Orc:2    | Noticed a two-headed ogre
  6658 | Orc:2    | Killed a two-headed ogre
  6735 | Orc:2    | Found a staircase to the Elven Halls.
  6909 | Orc:2    | Noticed Nessos
  6923 | Orc:2    | Noticed Nessos
  6923 | Orc:2    | Nessos changed into Nessos the swamp worm
  6927 | Orc:2    | Killed Nessos the swamp worm
  6970 | Orc:2    | Found Faxetub's General Store.
  7003 | Orc:2    | Reached skill level 13 in Invocations
  7021 | Orc:2    | Found Rarhoere's General Store.
  7069 | Orc:2    | Bought a scroll of enchant weapon for 120 gold pieces
  7071 | Orc:2    | Bought a potion of resistance for 170 gold pieces
  7071 | Orc:2    | Bought 2 scrolls of fog for 68 gold pieces
  7073 | Orc:2    | Bought a potion of heal wounds for 80 gold pieces
  7090 | Orc:2    | Noticed an orc high priest
  7106 | Orc:2    | Reached ****** piety under Qazlal
  7106 | Orc:2    | Reached skill level 10 in Armour
  7106 | Orc:2    | Reached skill level 10 in Shields
  7112 | Orc:2    | Noticed an orc high priest
  7134 | Orc:2    | Killed an orc high priest
  7167 | Orc:2    | Killed an orc high priest
  7167 | Orc:2    | Reached XP level 13. HP: 93/118 MP: 2/2
  7345 | Orc:2    | Reached skill level 14 in Invocations
  7347 | Orc:2    | Found Jedd's Gadget Shoppe.
  7347 | Orc:2    | Found Uschel's Antique Armour Emporium.
  7348 | Orc:2    | Found a one-way gate leading to the halls of Pandemonium.
  7399 | Orc:2    | Quit the game

Illustrated notes

Levels and vault maps discovered:
D:1:      dpeg_arrival_water_temple_mockup, layout_rooms
D:2:      layout_basic
D:3:      gammafunk_wand_slinger, layout_rooms, grunt_ministairs_13
D:4:      layout_loops_ring, lemuel_round_altar, minmay_temple_entry_junction,
          uniq_pikel, uniq_natasha, uniq_sigmund, uniq_duvessa, uniq_grinder,
          uniq_eustachio
D:5:      layout_loops_ring, serial_shops, shop, hangedman_decor_growths
D:6:      layout_layer_cave, grunt_temple_overflow_lords_of_destruction,
          nemelex_xobeh_ov_fountains_minmay, grunt_temple_overflow_open
D:7:      layout_basic, serial_shops,
          nicolae_shop_temple_entry_statues_fountains, fedhas_altar_1
D:8:      layout_loops_ring, dpeg_oklobed_lair, uniq_maurice
D:9:      layout_roguey, minitemple, lemuel_doored_altar,
          minmay_tree_intersection, nrook_mini_backslash
D:10:     layout_long_grid, grunt_ogre_cave
D:11:     layout_long_grid, erik_orc_4, gauntlet_entry_generic,
          chequers_serial_rivers_small_b
Temple:   compressed_dpeg_triangle_lava_temple
Orc:1:    layout_caves, statue_in_the_mist_lemuel
Orc:2:    pf_orc_diabolical, layout_diamond_mine, uniq_nessos

Skill      XL: |  1  2  3  4  5  6  7  8  9 10 11 12 13 |
---------------+----------------------------------------+-----
Fighting       | 3 4 5 6 7 8 |  8.9
Axes           | 3 4 6 8 9 10 12 13 | 13.6
Armour         | 4 5 6 7 8 9 10 | 10.5
Shields        | 4 5 6 7 8 9 10 | 10.5
Invocations    | 1 5 7 9 12 13 14 | 14.2

Action                   |  1- 3 |  4- 6 |  7- 9 | 10-12 | 13-15 || total
-------------------------+-------+-------+-------+-------+-------++-------
Melee: War axe           |    83 |    37 |   377 |       |       ||   497
       Broad axe         |       |       |   105 |   683 |   138 ||   926
Invok: Upheaval          |       |       |       |     1 |       ||     1
 Abil: Heal Wounds       |     4 |     3 |    33 |    35 |     3 ||    78
Evoke: Wand              |       |       |       |     4 |       ||     4
  Use: Scroll            |       |       |    14 |    12 |       ||    26
       Potion            |       |       |       |     1 |     3 ||     4
Armor: Scale mail        |    27 |    16 |   188 |       |       ||   231
       Plate armour      |       |       |    24 |   137 |    25 ||   186
       Chain mail        |       |       |    16 |       |       ||    16
       Crystal plate arm |       |       |       |   169 |    33 ||   202
Dodge: Dodged            |    32 |     8 |   181 |    82 |    14 ||   317
       Repelled          |       |       |       |     5 |       ||     5
Block: Kite shield       |    39 |    28 |   357 |   719 |   149 ||  1292

Table legend: (Time is in decaauts)
 A = Elapsed time spent in this place.
 B = Non-inter-level travel time spent in this place.
 C = Inter-level travel time spent in this place.
 D = Time resting spent in this place.
 E = Time spent auto-exploring this place.
 F = Levels seen in this place.
 G = Mean time per level.
                   A        B        C        D        E       F      G
               +--------+--------+--------+--------+--------+-----+--------+
         Total |   7607 |   7244 |    363 |     13 |   4603 |  15 |  507.1 |
       Dungeon |   6234 |   5898 |    336 |      4 |   4141 |  11 |  566.7 |
        Temple |     78 |     72 |      6 |      0 |      0 |   1 |   78.0 |
  Orcish Mines |   1088 |   1068 |     20 |      9 |    449 |   2 |  544.0 |
      Gauntlet |    205 |    205 |      0 |      0 |     13 |   1 |  205.0 |
               +--------+--------+--------+--------+--------+-----+--------+

Top non-repeatable levels by time:
     D:8: 872 daAuts
     D:4: 841 daAuts
   Orc:2: 757 daAuts
     D:6: 731 daAuts
     D:5: 709 daAuts
     D:7: 689 daAuts
    D:10: 638 daAuts
    D:11: 628 daAuts
     D:9: 625 daAuts
   Orc:1: 331 daAuts
     D:2: 272 daAuts
Gauntlet: 205 daAuts
     D:1: 160 daAuts
  Temple: 78 daAuts
     D:3: 63 daAuts
